 Dungeon Crawl Stone Soup version 0.30-a0-918-g0ff054e9dc (webtiles) character file.

Game seed: 10953224854957762856

130 pokeman the Magician (level 4, -7/25 HPs)
             Began as a Deep Elf Hedge Wizard on Mar 21, 2023.
             Shot with a sling bullet by a goblin (10 damage)
             ... on level 3 of the Dungeon.
             The game lasted 00:04:32 (2540 turns).

pokeman the Magician (Deep Elf Hedge Wizard)        Turns: 2540, Time: 00:04:33

Health: -7/25      AC:  2    Str:  7    XL:     4   Next: 89%
Magic:  1/13       EV: 13    Int: 21    God:
Gold:   131        SH:  0    Dex: 14    Spells: 6/14 levels left

rFire   . . .      SeeInvis +    a - +0 dagger
rCold   . . .      Faith    .    (no shield)
rNeg    + . .      Spirit   .    b - +0 robe
rPois   .          Reflect  .    c - +0 hat
rElec   .          Rampage  .    (no cloak)
rCorr   .                        (no gloves)
Will    .....                    (no boots)
Stlth   ++                       (no amulet)
HPRegen 0.24/turn                i - ring of see invisible
MPRegen 0.13/turn                r - ring of positive energy

@: on blink cooldown
A: no striking features
a: no special abilities


You were on level 3 of the Dungeon.
You visited 1 branch of the dungeon, and saw 3 of its levels.

You collected 131 gold pieces.

Inventory:

Hand Weapons
 a - a +0 dagger (weapon)
Armour
 b - a +0 robe (worn)
 c - a +0 hat (worn)
Jewellery
 i - a ring of see invisible (left hand)
 r - a ring of positive energy (right hand)
Scrolls
 h - a scroll of blinking {unknown}
 j - a scroll of immolation {unknown}
 m - 2 scrolls of identify {unknown}
 n - 2 scrolls of poison {unknown}
 o - 3 scrolls of teleportation {unknown}
 q - a scroll of fog {unknown}
 s - a scroll of vulnerability {unknown}
Potions
 d - a potion of magic
 e - a potion of ambrosia {unknown}
 f - a potion of heal wounds {unknown}
 g - a potion of might {unknown}
 k - a potion of mutation {unknown}
 l - a potion of degeneration {unknown}
 p - a potion of curing {unknown}


   Skills:
 - Level 1.0 Fighting
 - Level 1.0 Armour
 + Level 2.9 Dodging
 - Level 3.0 Stealth
 * Level 5.9 Spellcasting
 + Level 2.5 Conjurations
 - Level 1.1 Summonings
 - Level 1.1 Translocations
 + Level 0.0 Air Magic
 + Level 0.0 Poison Magic


You had 6 spell levels left.
You knew the following spells:

 Your Spells              Type           Power      Damage    Failure   Level
a - Magic Dart            Conj           64%        1d6       3%          1
b - Mephitic Cloud        Conj/Pois/Air  9%         N/A       22%         3
c - Call Imp              Summ           10%        N/A       10%         2
d - Blink                 Tloc           20%        N/A       10%         2

Your spell library contained the following spells:

 Spells                   Type           Power      Damage    Failure   Level
 Slow                     Hex            24%        N/A       10%         1
 Cigotuvi's Dreadful Rot  Necr/Pois/Air  12%        N/A       16%         2


Dungeon Overview and Level Annotations

Branches:
Dungeon (3/15)

Altars:
Cheibriados
Hepliaklqana

Annotations:
D:3 Ijyb


Message History

Your white imp disappears in a puff of smoke!
Casting: Call Imp (safe; 10% risk of failure)
Confirm with . or Enter, or press ? or * to list all spells.
The spell is extremely dangerous to miscast (22% risk of failure)!
Continue anyway?
Aiming: Mephitic Cloud (extremely dangerous; 22% risk of failure)
Press: ? - help, Shift-Dir - straight line, f - Ijyb
Aim: Ijyb, wielding a +2 spectral club, wearing a +2 leather armour of fire resistance and carrying a wand of flame (21) (lightly wounded, chance to affect: 86%)
The ball explodes into a vile cloud!
The stinking cloud engulfs Ijyb but does no damage.
Ijyb is lightly wounded.
The stinking cloud engulfs the goblin but does no damage. x2
The goblin is engulfed in noxious fumes.
The goblin appears confused.
The goblin closely misses Ijyb.
Ijyb is engulfed in noxious fumes.
Unknown command.
Casting: Mephitic Cloud (extremely dangerous; 22% risk of failure)
Confirm with . or Enter, or press ? or * to list all spells.
A beastly little devil appears in a puff of flame.
The goblin is engulfed in noxious fumes.
The goblin appears confused.
You swap places.
Ijyb zaps a wand.
The puff of flame hits you!
Ouch! That really hurt!
* * * LOW HITPOINT WARNING * * *
Your crimson imp closely misses Ijyb.
Your crimson imp hits Ijyb but does no damage.
Ijyb attacks as you move away! Ijyb misses you. Ijyb attacks as you move away!
Ijyb hits you with a +2 spectral club.
* * * LOW HITPOINT WARNING * * *
Casting: Call Imp (safe; 10% risk of failure)
Confirm with . or Enter, or press ? or * to list all spells.
You blink.
Ijyb hits your crimson imp with a +2 spectral club.
Your crimson imp misses the goblin.
The goblin shoots a sling bullet.
The sling bullet misses you.
Your crimson imp hits the goblin.
Ijyb hits your crimson imp with a +2 spectral club.
Your crimson imp barely misses the goblin.
Ijyb completely misses your crimson imp.
The goblin shoots a sling bullet.
The sling bullet hits you!
You die...

#.......# #8.....8#
#.......# #8.)...8#
#.....).# .##
#8...).8###
.....#..........
#...@g....#
#.#.#.##.##
#.#.#.##)#
#.###.#.#.##.#
..........g..#
##......5####
#.####.g# #####
#.####..###...#####
...................


You could see Ijyb, 2 goblins and a friendly crimson imp (summoned).

Vanquished Creatures
  Terence (D:2)
  5 adders
  5 ball pythons
  10 endoplasms
  2 giant cockroaches (D:2)
  9 goblins
  5 hobgoblins
  2 jackals (D:1)
  2 kobolds (D:2)
  2 quokkas
  6 bats
  3 frilled lizards (D:1)
  3 rats (D:1)
55 creatures vanquished.

Vanquished Creatures (collateral kills)
  A goblin (D:3)
1 creature vanquished.

Grand Total: 56 creatures vanquished

Notes
Turn   | Place    | Note
-------+----------+-------------------------------------------
     0 | D:1      | pokeman the Deep Elf Hedge Wizard began the quest for the
                  | Orb.
     0 | D:1      | Reached XP level 1. HP: 10/10 MP: 7/7
   567 | D:1      | Reached XP level 2. HP: 16/16 MP: 5/9
   669 | D:1      | Found a faded altar of an unknown god.
  1057 | D:1      | Reached skill level 5 in Spellcasting
  1350 | D:1      | Reached XP level 3. HP: 20/20 MP: 3/11
  1359 | D:1      | Learned a level 3 spell: Mephitic Cloud
  1362 | D:1      | Learned a level 2 spell: Call Imp
  1442 | D:1      | Learned a level 2 spell: Blink
  1745 | D:2      | Reached skill level 1 in Fighting
  1745 | D:2      | Reached skill level 1 in Armour
  1834 | D:1      | Reached XP level 4. HP: 7/25 MP: 0/13
  2356 | D:2      | Noticed Terence
  2366 | D:2      | Killed Terence
  2469 | D:3      | Found a snail-covered altar of Cheibriados.
  2469 | D:3      | Found a hazy altar of Hepliaklqana.
  2520 | D:3      | Noticed Ijyb
  2535 | D:3      | HP: 1/25 [Ijyb/+2 spectral club (5)]
  2540 | D:3      | Shot with a sling bullet by a goblin

Illustrated notes

Levels and vault maps discovered:
D:1:      lightli_arrival_isolated_outpost, layout_basic,
          shapermc_ecumenical_altar_petra, minivault_27
D:2:      layout_basic, grunt_decor_mini_mirrors, minmay_indecisive_spiral,
          uniq_terence
D:3:      kennysheep_the_goblin_king, layout_loops_corners,
          gammafunk_temple_overflow_statue, gup_sewer_entry_spiral,
          minivault_25, minmay_misc_feat_tiny

Skill      XL: |  1  2  3  4 |
---------------+-------------+-----
Spellcasting   | 5 |  5.9
Fighting       | 1 |  1.0
Armour         | 1 |  1.0
Conjurations   | 2 |  2.5
Stealth        | 3 |  3.0
Dodging        | |  2.9
Summonings     | |  1.1
Translocations | |  1.1

Action                     |  1- 3 |  4- 6 || total
---------------------------+-------+-------++-------
  Melee: Dagger            |    13 |     5 ||    18
   Cast: Magic Dart        |    99 |    31 ||   130
         Call Imp          |     1 |     3 ||     4
         Mephitic Cloud    |       |     2 ||     2
         Blink             |       |     1 ||     1
   Stab: Confused          |       |     2 ||     2
 Armour: Robe              |     8 |     1 ||     9
  Dodge: Dodged            |    16 |     7 ||    23

Table legend: (Time is in decaauts)
 A = Elapsed time spent in this place.
 B = Non-inter-level travel time spent in this place.
 C = Inter-level travel time spent in this place.
 D = Time resting spent in this place.
 E = Time spent auto-exploring this place.
 F = Levels seen in this place.
 G = Mean time per level.
                   A        B        C        D        E       F      G
               +--------+--------+--------+--------+--------+-----+--------+
         Total |   2544 |   2497 |     47 |    107 |   2077 |   3 |  848.0 |
       Dungeon |   2544 |   2497 |     47 |    107 |   2077 |   3 |  848.0 |
               +--------+--------+--------+--------+--------+-----+--------+

Top non-repeatable levels by time:
     D:1: 1779 daAuts
     D:2: 677 daAuts
     D:3: 87 daAuts
